 Dungeon Crawl Stone Soup version 0.17.0-24-gcfadda4 (console) character file.

11297 Kloppie the Archer (level 11, -2/101 HPs)
             Began as a Centaur Hunter on Nov 18, 2015.
             Was a Believer of Okawaru.
             Slain by a wolf (7 damage)
             ... on level 8 of the Dungeon.
             The game lasted 00:40:34 (23164 turns).

Kloppie the Archer (Centaur Hunter)                Turns: 23164, Time: 00:40:34

Health: -2/101     AC:  8    Str: 16    XL:     11   Next: 47%
Magic:  11/11      EV:  9    Int: 10    God:    Okawaru [**....]
Gold:   279        SH:  0    Dex: 11    Spells: 0 memorised, 10 levels left

rFire  . . .     SeeInvis +     b - +1 long sword
rCold  . . .     Clarity  .     Q - +2 leather armour of Eternal Night {+Blink +Inv Str-4 SInv}
rNeg   . . .     SustAt   .     (no shield)
rPois  .         Gourm    .     r - +0 helmet
rElec  .         Spirit   .     (no cloak)
rCorr  .         Warding  .     (no gloves)
rMut   .         Stasis   .     (no barding)
MR     .....                    (no amulet)
Stlth  ++........               F - +3 ring of strength
                                u - ring of stealth

@: very slightly contaminated, very quick, not resistant to hostile
enchantments, unstealthy
A: hooves 3, deformed body, speed 2, tough skin 3
a: Heroism, Renounce Religion, Evoke Blink, Evoke Invisibility


You were on level 8 of the Dungeon.
You worshipped Okawaru.
Okawaru was pleased with you.
You were hungry.

You visited 3 branches of the dungeon, and saw 11 of its levels.
You also visited: Sewer.

You collected 521 gold pieces.
You spent 242 gold pieces at shops.

Inventory:

Hand Weapons
 a - a +1 shortbow
 b - a +1 long sword (weapon)
Missiles
 c - 64 arrows
Armour
 r - a +0 helmet (worn)
 Q - the +2 leather armour of Eternal Night (worn) {+Blink +Inv Str-4 SInv}
   (You found it on level 9 of the Dungeon)

   It affects your strength (-4).
   It lets you see invisible.
   It lets you turn invisible.
   It lets you blink.
Jewellery
 u - a ring of stealth (left hand)
 F - a +3 ring of strength (right hand)
 L - an uncursed ring of flight
Wands
 C - a wand of digging (11)
 E - a wand of slowing (38)
 G - a wand of paralysis (12)
 M - a wand of digging (18)
Scrolls
 j - 7 scrolls of remove curse
 n - 5 scrolls of teleportation
 o - a scroll of fog
 p - 3 scrolls of fear
 B - a scroll of enchant weapon
 D - 2 scrolls of recharging
 H - a scroll of amnesia
 I - a scroll of enchant armour
 N - a scroll of random uselessness {unknown}
Potions
 f - 7 potions of might
 i - 2 potions of haste
 k - 3 potions of flight
 s - 3 potions of brilliance {unknown}
 t - a potion of agility {unknown}
 v - a potion of resistance {unknown}
 x - 2 potions of magic {unknown}
 A - 2 potions of lignification {unknown}
Books
 z - a book of Envenomations

   Spells                             Type                      Level
   a - Spider Form                    Transmutation/Poison         3
   b - Alistair's Intoxication        Transmutation/Poison         4
   c - Olgreb's Toxic Radiance        Poison                       4
   d - Poisonous Cloud                Conjuration/Poison/Air       6
Comestibles
 e - 4 bread rations
 h - 6 meat rations
 J - 2 beef jerkies
 K - 2 slices of pizza


   Skills:
 - Level 10.3 Fighting
 - Level 8.1 Long Blades
 + Level 13.7 Bows
 + Level 5.3 Armour
 - Level 1.3 Dodging
 - Level 0.5 Stealth


You had 10 spell levels left.
You didn't know any spells.

Dungeon Overview and Level Annotations

Branches:
Dungeon (9/15)             Temple (1/1) D:4            Lair (1/8) D:9
    Orc: D:9-12

Altars:
Ashenzari
Cheibriados
Dithmenos
Elyvilon
Fedhas
Gozag
Kikubaaqudgha
Makhleb
Nemelex Xobeh
Okawaru
Qazlal
Ru
Sif Muna
Trog
Vehumet
Xom
Yredelemnul
Zin
The Shining One

Shops:
D:6 *   D:8 (


Innate Abilities, Weirdness & Mutations

You have hooves in place of feet.
Armour fits poorly on your strangely shaped body.
You cover ground very quickly.
You have extremely tough skin (AC +3).


Message History

a robe; a dagger The wolf bites something but does no damage.
A crimson imp comes into view.
The crimson imp shouts!
The crimson imp blinks!
The crimson imp closely misses you. The wolf bites you but does no damage.
The crimson imp blinks!
There is a stone staircase leading up here.
The wolf bites you but does no damage. The wolf bites you.
* * * LOW HITPOINT WARNING * * *
The crimson imp hits you but does no damage.
The wolf bites you!
* * * LOW HITPOINT WARNING * * *
You climb upwards.
There is a stone staircase leading down, spattered with blood here.
Drink which item? (? for menu, Esc to quit)
Okay, then.
The crimson imp blinks!
The wolf closely misses you. The wolf bites you!
You die...

.#.....#..................'.....#
.#.....#..................#.....#
.#.....#..................#.....#
.#.....#..................#.....#
.#.....#..................#.....#
.#.....#..................#.....#
##.....###...###...###...######'#
..###'####'#####5..###...###.....
..#...........#.@h..#......#.....
..#...........#..h..#......#.....
..#...........#..>..'......#.....
..#...(.......#..ยง..#......#.....
..'...........#.....#......#.....
..#...........#.....#......#.....
..#...........#.....#......#.....
..##########################.....
.................................


You could see 2 wolves and a crimson imp.

Vanquished Creatures
  Pikel (D:7)
  Psyche (D:8)
  3 blink frogs (Lair:1)
  Grinder (D:6)
  A two-headed ogre (D:9)
  A wraith (D:9)
  A deep elf fighter (D:9)
  12 yaks
  2 hungry ghosts
  A deep elf mage (D:9)
  A human (D:7)
  2 hippogriffs
  A hog (D:7)
  A water moccasin (Lair:1)
  7 swamp worms (D:9)
  A porcupine (Lair:1)
  3 wolves
  3 ice beasts
  2 phantoms
  4 sky beasts
  2 slaves (D:7)
  A black bear (D:9)
  A centaur (D:9)
  A wasp (D:8)
  7 ogres
  3 orc warriors
  3 crocodiles
  2 big kobolds
  5 giant frogs
  4 scorpions
  A killer bee (D:5)
  2 giant frog zombies
  A wasp zombie (D:8)
  7 hounds
  3 orc priests
  4 crimson imps
  A quasit (D:8)
  3 jellies
  3 centaur zombies
  20 orc wizards
  2 centaur skeletons
  A giant frog skeleton (D:8)
  2 sheep (D:7)
  3 iguanas
  6 worker ants
  4 hound zombies
  A hound skeleton (D:4)
  3 worker ant zombies
  16 adders
  4 gnolls (D:4)
  3 river rats
  3 shadow imps (D:5)
  An ooze (D:1)
  4 adder zombies
  18 worms
  2 adder skeletons
  9 giant geckos
  34 orcs
  17 bats
  10 goblins
  4 hobgoblins
  2 jackals (D:4)
  7 quokkas
  6 ball pythons
  8 giant cockroaches
  A giant cockroach zombie (D:5)
  2 giant gecko skeletons
  2 giant gecko zombies
  7 giant newts (D:2)
  A jackal zombie (D:4)
  18 kobolds
  2 quokka skeletons
  15 rats
341 creatures vanquished.

Vanquished Creatures (others)
  A slave (D:7)
  A centaur (D:7)
  An orc wizard (D:7)
  A giant frog skeleton (D:7)
  An iguana (D:7)
  A worker ant (D:7)
  2 orcs (D:7)
  12 fungi (D:9)
  8 plants (D:9)
28 creatures vanquished.

Grand Total: 369 creatures vanquished

Notes
Turn   | Place    | Note
--------------------------------------------------------------
     0 | D:1      | Kloppie the Centaur Hunter began the quest for the Orb.
     0 | D:1      | Reached XP level 1. HP: 17/17 MP: 1/1
   433 | D:1      | Reached XP level 2. HP: 24/24 MP: 2/2
   436 | D:1      | Reached skill level 6 in Bows
   882 | D:2      | Reached XP level 3. HP: 29/29 MP: 3/3
  1309 | D:2      | Reached skill level 7 in Bows
  1681 | D:3      | Reached XP level 4. HP: 17/36 MP: 4/4
  2840 | D:3      | Reached skill level 8 in Bows
  3119 | D:4      | Reached XP level 5. HP: 11/41 MP: 5/5
  3328 | D:4      | Reached skill level 9 in Bows
  3733 | D:4      | Reached XP level 6. HP: 48/48 MP: 6/6
  3826 | D:4      | Found a shattered altar of Ashenzari.
  4190 | D:4      | Reached skill level 10 in Bows
  4545 | D:4      | Found a stormy altar of Qazlal.
  4570 | D:4      | Reached XP level 7. HP: 53/55 MP: 7/7
  4592 | D:4      | Reached skill level 1 in Long Blades
  4593 | D:4      | Noticed an ogre
  4640 | D:4      | Killed an ogre
  4897 | D:4      | Found a staircase to the Ecumenical Temple.
  4906 | Temple   | Entered the Ecumenical Temple
  5230 | D:4      | Noticed an ogre
  5263 | D:4      | Killed an ogre
  5380 | D:5      | Entered Level 5 of the Dungeon
  6380 | D:5      | Reached XP level 8. HP: 42/61 MP: 8/8
  6434 | D:5      | Reached skill level 5 in Long Blades
  9523 | D:6      | Noticed Grinder
  9561 | D:6      | Reached XP level 9. HP: 42/68 MP: 9/9
  9582 | D:6      | Killed Grinder
  9648 | D:6      | Found a glowing drain.
  9652 | Sewer    | Entered a sewer
 10105 | D:6      | Found Fuhaditu's Assorted Antiques.
 10108 | D:6      | Bought a sapphire ring for 110 gold pieces
 10108 | D:6      | Bought a scroll labeled TYIZEM SATUIDD for 22 gold pieces
 10108 | D:6      | Bought a scroll labeled RAUDOYXZURR for 22 gold pieces
 10108 | D:6      | Bought a glass wand for 88 gold pieces
 10197 | D:6      | Found a glowing silver altar of Zin.
 10301 | D:6      | Reached skill level 5 in Fighting
 10891 | D:7      | Noticed Pikel
 11027 | D:7      | Killed Pikel
 12229 | D:7      | Reached XP level 10. HP: 87/90 MP: 10/10
 12382 | D:7      | Found a burning altar of Makhleb.
 12528 | D:7      | Found a bloodstained altar of Trog.
 13724 | D:8      | Found Goxzutug's Weapon Boutique.
 13789 | D:8      | Found an ancient bone altar of Kikubaaqudgha.
 13852 | D:8      | Found a sparkling altar of Nemelex Xobeh.
 13872 | D:8      | Noticed Psyche
 13906 | D:8      | Killed Psyche
 13906 | D:8      | Reached skill level 10 in Fighting
 14026 | D:8      | Paralysed by a wasp for 3 turns
 14393 | D:9      | Reached skill level 11 in Bows
 14405 | D:9      | Reached skill level 1 in Armour
 16513 | D:8      | Reached skill level 12 in Bows
 17812 | D:9      | Found a stormy altar of Qazlal.
 17812 | D:9      | Found a basalt altar of Yredelemnul.
 17812 | D:9      | Found a deep blue altar of Sif Muna.
 17814 | D:9      | Found a shadowy altar of Dithmenos.
 17815 | D:9      | Found an iron altar of Okawaru.
 17817 | D:9      | Found an opulent altar of Gozag.
 17838 | D:9      | Became a worshipper of Warmaster Okawaru
 17887 | D:9      | Reached XP level 11. HP: 101/101 MP: 11/11
 18595 | D:9      | Found a staircase to the Lair.
 18755 | D:9      | Reached * piety under Okawaru
 20299 | D:9      | Reached skill level 13 in Bows
 21739 | D:9      | Got a faintly humming leather armour
 21740 | D:9      | Identified the +2 leather armour of Eternal Night {+Blink +Inv Str-4 SInv} (You found it on level 9 of the Dungeon)
 22053 | Lair:1   | Entered Level 1 of the Lair of Beasts
 22533 | Lair:1   | Reached skill level 5 in Armour
 22620 | Lair:1   | Reached ** piety under Okawaru
 23161 | D:9      | HP: 5/101 [wolf (9)]
 23164 | D:8      | Slain by a wolf

Action                   |  1- 3 |  4- 6 |  7- 9 | 10-12 || total
-------------------------+-------+-------+-------+-------++-------
Melee: Short sword       |   102 |    68 |       |       ||   170
       Long sword        |       |   133 |   489 |   525 ||  1147
 Fire: Shortbow          |    46 |    66 |   221 |   315 ||   648
  Use: Potion            |       |     3 |     3 |     3 ||     9
       Scroll            |       |       |    19 |     2 ||    21
 Stab: Sleeping          |       |       |     1 |       ||     1
  Eat: Chunk             |     1 |     7 |    14 |    24 ||    46
       Pizza             |       |       |     1 |     5 ||     6
       Bread ration      |       |       |     1 |     3 ||     4
       Beef jerky        |       |       |     1 |     1 ||     2
       Meat ration       |       |       |     1 |       ||     1
